 Dungeon Sprint DCSS version 0.20.1-1-g8b1a95d (console) character file.

219 hilaritas the Spear-Bearer (level 5, -2/49 HPs)
             Began as a Merfolk Fighter on Dec 3, 2017.
             Was an Initiate of Okawaru.
             Slain by a killer bee (6 damage)
             ... in the Dungeon (Sprint IV: "Fedhas' Mad Dash").
             The game lasted 00:04:11 (712 turns).

hilaritas the Spear-Bearer (Merfolk Fighter)         Turns: 712, Time: 00:04:12

Health: -2/49      AC:  6    Str: 18    XL:     5   Next: 96%
Magic:  6/6        EV:  9    Int:  7    God:    Okawaru [......]
Gold:   95         SH: 10    Dex: 13    Spells: 4/4 levels left

rFire    . . .     SeeInvis .   a - +0 trident
rCold    . . .     Gourm    .   c - +0 shield
rNeg     . . .     Faith    .   b - +0 scale mail
rPois    .         Spirit   .   (no helmet)
rElec    .         Reflect  .   (no cloak)
rCorr    .         Harm     .   (no gloves)
MR       .....     NoTele   +   (no boots)
Stlth    ..........             j - amulet of invisibility {+Inv}
Regen    0.2/turn               (no ring)
MPRegen  0.1/turn               (no ring)

@: lethally poisoned (-2 -> -4), very slightly contaminated, hasted, very quick
A: change form in water, swift swim, stealthy swim
a: Renounce Religion, Evoke Invisibility


You were in the Dungeon.
You worshipped Okawaru.
Okawaru was noncommittal.
You were hungry.

You visited 1 branch You collected 95 gold pieces.

Inventory:

Hand Weapons
 a - a +0 trident (weapon)
Armour
 b - a +0 scale mail (worn)
 c - a +0 shield (worn)
Jewellery
 j - the amulet of invisibility (around neck) {+Inv}
   (You found it in the Dungeon)

   [amulet of nothing]

   It lets you turn invisible.
Scrolls
 k - a scroll of blinking
Potions
 d - a potion of might
 i - 3 potions of magic
Comestibles
 f - a bread ration


   Skills:
 * Level 7.6 Fighting
 - Level 10.1 Polearms
 - Level 2.1 Armour
 * Level 3.1 Dodging
 + Level 6.6 Shields
 * Level 2.5 Invocations
 - Level 1.1 Evocations


You had 4 spell levels left.
You didn't know any spells.

Dungeon Overview and Level Annotations

Branches:
Dungeon (1/1)

Altars:
Cheibriados
Dithmenos
Elyvilon
Gozag
Hepliaklqana
Kikubaaqudgha
Makhleb
Nemelex Xobeh
Okawaru
Qazlal
Ru
Sif Muna
Trog
Uskayaw
Vehumet
Xom
Yredelemnul
Zin
The Shining One
Beogh
Jiyva
Lugonu


Message History

The queen bee is lightly wounded.
You hit the queen bee.
The queen bee is lightly wounded.
The killer bee stings you.
You hit the queen bee.
The queen bee is moderately wounded.
You feel sick. The killer bee stings you. The queen bee stings you!
* * * LOW HITPOINT WARNING * * *
You are feeling hungry.
You hit the queen bee.
The queen bee is moderately wounded.
You block the killer bee's attack. The killer bee barely misses you.
You block the queen bee's attack.
Unknown command.
You hit the queen bee.
The queen bee is heavily wounded.
The killer bee stings you!
* * * LOW HITPOINT WARNING * * *
The killer bee stings you.
You die...

################################
#<..P#.....#.....#.⌠._._._._.⌠.#
#PP..÷.....'.#.(.'.._._._._._..'
#PPPP#.....#.#y@†#..._._._._...#
###############y##.._._._._._..#
.y.♣......yy'yy.#..._._._._.⌠.#
%.y...♣....y#...###############
. ♣..♣..###### #+#####


You could see a queen bee and 3 killer bees.

Vanquished Creatures
  A killer bee (D)
  4 oklob saplings (D)
  A worker ant (D)
  A river rat (D)
  A rat (D)
8 creatures vanquished.

Notes
Turn   | Place    | Note
-------+----------+-------------------------------------------
     0 | D        | hilaritas the Merfolk Fighter began the quest for the Orb.
     0 | D        | Reached XP level 1. HP: 18/18 MP: 1/1
    17 | D        | Reached skill level 4 in Polearms
    17 | D        | Reached XP level 2. HP: 13/25 MP: 2/2
   192 | D        | Noticed an oklob sapling
   199 | D        | Killed an oklob sapling
   199 | D        | Reached skill level 5 in Fighting
   199 | D        | Reached skill level 6 in Polearms
   199 | D        | Reached XP level 3. HP: 33/33 MP: 3/3
   206 | D        | Reached skill level 7 in Polearms
   206 | D        | Reached XP level 4. HP: 39/39 MP: 4/4
   230 | D        | Found an opulent altar of Gozag.
   230 | D        | Found a hazy altar of Hepliaklqana.
   230 | D        | Found a burning altar of Makhleb.
   230 | D        | Found a roughly hewn altar of Beogh.
   230 | D        | Found a sparkling altar of Nemelex Xobeh.
   230 | D        | Found a snail-covered altar of Cheibriados.
   230 | D        | Found a sacrificial altar of Ru.
   230 | D        | Found a deep blue altar of Sif Muna.
   230 | D        | Found a shimmering altar of Xom.
   230 | D        | Found a basalt altar of Yredelemnul.
   231 | D        | Found a viscous altar of Jiyva.
   231 | D        | Found a bloodstained altar of Trog.
   231 | D        | Noticed an oklob sapling priest
   232 | D        | Found an iron altar of Okawaru.
   232 | D        | Found a shadowy altar of Dithmenos.
   232 | D        | Found a glowing silver altar of Zin.
   233 | D        | Found an ancient bone altar of Kikubaaqudgha.
   233 | D        | Found a hide-covered altar of Uskayaw.
   234 | D        | Found a stormy altar of Qazlal.
   234 | D        | Found a glowing golden altar of the Shining One.
   234 | D        | Found a white marble altar of Elyvilon.
   235 | D        | Found a radiant altar of Vehumet.
   235 | D        | Found a corrupted altar of Lugonu.
   251 | D        | Killed an oklob sapling priest
   251 | D        | Reached skill level 9 in Polearms
   251 | D        | Reached skill level 5 in Shields
   387 | D        | Reached skill level 10 in Polearms
   387 | D        | Reached skill level 1 in Evocations
   387 | D        | Reached XP level 5. HP: 6/47 MP: 3/5
   431 | D        | Became a worshipper of Warmaster Okawaru
   671 | D        | Reached skill level 1 in Dodging
   671 | D        | Reached skill level 1 in Invocations
   684 | D        | Noticed a queen bee
   712 | D        | Slain by a killer bee

Skill      XL: |  1  2  3  4  5 |
---------------+----------------+-----
Fighting       | 4 5 6 7 |  7.6
Polearms       | 4 6 7 10 | 10.1
Shields        | 4 6 |  6.6
Evocations     | 1 |  1.1
Dodging        | 3 |  3.1
Invocations    | 2 |  2.5
Armour         | |  2.1

Action                   |  1- 3 |  4- 6 || total
-------------------------+-------+-------++-------
Melee: Trident           |    23 |    43 ||    66
 Abil: Evoke Invisibilit |       |     3 ||     3
  Use: Potion            |     1 |     3 ||     4
 Stab: Invisible         |       |     4 ||     4
Armor: Scale mail        |     4 |     2 ||     6
Dodge: Dodged            |     1 |    11 ||    12
Block: Shield            |     7 |    21 ||    28
